[Event "23rd Hoogeveen Open 2019"]
[Site "Hoogeveen"]
[Date "2019.10.19"]
[Round "9"]
[White "Vogel, Jaap"]
[Black "Sindarov, Javokhir"]
[Result "0-1"]
[ECO "D00"]
[WhiteElo "2123"]
[BlackElo "2513"]
[Annotator "ChessBase"]
[PlyCount "72"]
[EventDate "2019.10.19"]
[EventType "swiss"]
[EventCountry "NED"]
[SourceTitle "playchess.com"]
[Source "ChessBase"]
[SourceQuality "1"]
[TimeControl "40/5400+30:1800+30"]

1. d4 Nf6 2. Nf3 g6 3. Bf4 Bg7 4. Nc3 d5 5. Nb5 Na6 6. h3 O-O 7. e3 c5 8. Be2 Qa5+ 9. c3 c4 10. a4 Bd7 11. O-O Ne4 12. Nd2 Nxd2 13. Qxd2 Rfc8 14. Bg5 f6 15. Bf4 Kh8 16. Bg3 f5 17. Bh4 Bxb5 18. axb5 Qxb5 19. b3 Qd7 20. bxc4 dxc4 21. Qa2 Nc7 22. Bxc4 b5 23. Bb3 a5 24. Qa3 Bf8 25. c4 a4 26. Ba2 bxc4 27. Bxc4 e6 28. Bf6+ Kg8 29. Qd3 Nd5 30. Be5 a3 31. Rfc1 Qc6 32. Qf1 Qb7 33. Rcb1 Qa7 34. Bxd5 exd5 35. Qb5 Qf7 36. Qb7 Rc1+ 0-1

[Event "23rd Hoogeveen Open 2019"]
[Site "Hoogeveen"]
[Date "2019.10.19"]
[Round "9"]
[White "Nicolai, Amir"]
[Black "Vrolijk, Liam"]
[Result "0-1"]
[ECO "A28"]
[WhiteElo "2117"]
[BlackElo "2478"]
[Annotator "ChessBase"]
[PlyCount "60"]
[EventDate "2019.10.19"]
[EventType "swiss"]
[EventCountry "NED"]
[SourceTitle "playchess.com"]
[Source "ChessBase"]
[SourceQuality "1"]
[TimeControl "40/5400+30:1800+30"]

1. c4 e5 2. Nc3 Nf6 3. Nf3 Nc6 4. e4 d6 5. d4 Bg4 6. d5 Nd4 7. Be2 Nxe2 8. Qxe2 g6 9. h3 Bc8 10. Bg5 Bg7 11. Nh2 h6 12. Be3 Nh5 13. g3 O-O 14. Ng4 Kh7 15. O-O-O a6 16. Rdg1 Qe8 17. Qd2 f5 18. Bxh6 fxg4 19. Bxg7 Kxg7 20. hxg4 Bxg4 21. Rh4 Bd7 22. f4 Qe7 23. f5 Rh8 24. Ne2 Rag8 25. Rgh1 Nxg3 26. Rxh8 Nxe2+ 27. Qxe2 Rxh8 28. Rg1 Be8 29. Qf2 Qh4 30. Qa7 Qf4+ 0-1

[Event "23rd Hoogeveen Open 2019"]
[Site "Hoogeveen"]
[Date "2019.10.19"]
[Round "9"]
[White "Shakhverdian, William"]
[Black "Akash, Ganesan"]
[Result "0-1"]
[ECO "E11"]
[WhiteElo "2109"]
[BlackElo "2449"]
[Annotator "ChessBase"]
[PlyCount "194"]
[EventDate "2019.10.19"]
[EventType "swiss"]
[EventCountry "NED"]
[SourceTitle "playchess.com"]
[Source "ChessBase"]
[SourceQuality "1"]
[TimeControl "40/5400+30:1800+30"]

1. d4 Nf6 2. c4 e6 3. Nf3 Bb4+ 4. Bd2 Qe7 5. a3 Bxd2+ 6. Qxd2 b6 7. g3 Bb7 8. Bg2 O-O 9. O-O d6 10. Nc3 Nbd7 11. Rad1 Rfd8 12. Rfe1 d5 13. Nh4 Ne4 14. Qe3 Ndf6 15. cxd5 Nxc3 16. bxc3 Bxd5 17. Qc1 Bxg2 18. Nxg2 Rd5 19. c4 Ra5 20. Rd3 e5 21. d5 Ne4 22. Re3 Nd6 23. Rc3 f5 24. c5 Ne4 25. d6 cxd6 26. cxd6 Qe6 27. Rc7 Rc5 28. Rxc5 Nxc5 29. Rd1 Rd8 30. Qd2 Ne4 31. Qb4 Rxd6 32. Rxd6 Nxd6 33. Ne3 h6 34. a4 Nb7 35. Qb1 g6 36. Qd3 Nd6 37. Nd5 Nf7 38. h4 Kg7 39. Nc7 Qc6 40. Nb5 a6 41. Nc3 Nd6 42. Nd5 Qc5 43. Ne3 b5 44. axb5 axb5 45. h5 Qd4 46. Qc2 Nc4 47. Ng2 Qb2 48. Qd3 Qa1+ 49. Kh2 Qd4 50. Qb3 Qc5 51. hxg6 Kxg6 52. Qf3 Nd6 53. Nh4+ Kf6 54. e4 Qd4 55. exf5 b4 56. Ng2 Qe4 57. Qd1 Nxf5 58. Qd8+ Ke6 59. Qb6+ Nd6 60. Ne3 Qb7 61. Qc5 b3 62. Qc1 b2 63. Qb1 e4 64. Nd1 Nc4 65. Nc3 Nd2 66. Qc2 b1=Q 67. Nxb1 Nxb1 68. Qc4+ Ke5 69. Qc5+ Ke6 70. Qc4+ Kd6 71. Qd4+ Kc7 72. Qe5+ Kb6 73. Qd4+ Kb5 74. Qb2+ Kc6 75. Qf6+ Kd5 76. Qxh6 Nc3 77. Qe3 Qb2 78. Kg1 Ne2+ 79. Kg2 Nd4 80. Qg5+ Kc4 81. Qe3 Qe2 82. Qc1+ Nc2 83. Qh6 Qf3+ 84. Kg1 Qd1+ 85. Kh2 Qf3 86. Kg1 Nd4 87. Qc1+ Qc3 88. Qf1+ Kd5 89. Qd1 Qd3 90. Qh5+ Kc4 91. Qf7+ Kc3 92. Qa2 Qd1+ 93. Kg2 Qf3+ 94. Kh2 Ne2 95. Qa5+ Kd3 96. Qd5+ Kc2 97. Qc5+ Kd1 0-1

[Event "23rd Hoogeveen Open 2019"]
[Site "Hoogeveen"]
[Date "2019.10.19"]
[Round "9"]
[White "Takawira, Erick"]
[Black "Harutjunyan, Gevorg"]
[Result "0-1"]
[ECO "B42"]
[WhiteElo "2101"]
[BlackElo "2428"]
[Annotator "ChessBase"]
[PlyCount "56"]
[EventDate "2019.10.19"]
[EventType "swiss"]
[EventCountry "NED"]
[SourceTitle "playchess.com"]
[Source "ChessBase"]
[SourceQuality "1"]
[TimeControl "40/5400+30:1800+30"]

1. e4 c5 2. Nf3 e6 3. d4 cxd4 4. Nxd4 a6 5. Bd3 Bc5 6. Nb3 Be7 7. O-O d6 8. Qe2 Nf6 9. c4 Nc6 10. Nc3 Ne5 11. Bf4 Nfd7 12. Rad1 Qc7 13. Nd2 b6 14. Nf3 Bb7 15. Rc1 h5 16. Nxe5 Nxe5 17. b4 Rc8 18. Bxe5 dxe5 19. a3 h4 20. h3 O-O 21. Qe3 Rfd8 22. Rfd1 Rd4 23. Ne2 Rd7 24. Bc2 Rxd1+ 25. Bxd1 Qd8 26. Qc3 Bg5 27. Ra1 Bxe4 28. Bb3 Qd3 0-1

[Event "23rd Hoogeveen Open 2019"]
[Site "Hoogeveen"]
[Date "2019.10.19"]
[Round "9"]
[White "Gijsen, William"]
[Black "Kaasen, Tor Fredrik"]
[Result "0-1"]
[ECO "B96"]
[WhiteElo "2091"]
[BlackElo "2415"]
[Annotator "ChessBase"]
[PlyCount "54"]
[EventDate "2019.10.19"]
[EventType "swiss"]
[EventCountry "NED"]
[SourceTitle "playchess.com"]
[Source "ChessBase"]
[SourceQuality "1"]
[TimeControl "40/5400+30:1800+30"]

1. e4 c5 2. Nf3 d6 3. d4 cxd4 4. Nxd4 Nf6 5. Nc3 a6 6. Bg5 Nbd7 7. f4 Qc7 8. Qf3 e6 9. g4 b5 10. O-O-O Bb7 11. Bxf6 gxf6 12. h4 b4 13. Nce2 d5 14. Bg2 dxe4 15. Qe3 Nc5 16. Kb1 Rg8 17. Ng3 Rxg4 18. Nxe4 Qxf4 19. Nxf6+ Qxf6 20. Bxb7 Nxb7 21. Rhf1 Rxd4 22. Qxd4 Qxd4 23. Rxd4 Rd8 24. Rg4 f5 25. Rc4 Nc5 26. c3 Ne4 27. Rc6 Nd2+ 0-1

[Event "23rd Hoogeveen Open 2019"]
[Site "Hoogeveen"]
[Date "2019.10.19"]
[Round "9"]
[White "Pekin, Tolgay"]
[Black "Morozov, Nichita"]
[Result "0-1"]
[ECO "B24"]
[WhiteElo "2083"]
[BlackElo "2394"]
[Annotator "ChessBase"]
[PlyCount "64"]
[EventDate "2019.10.19"]
[EventType "swiss"]
[EventCountry "NED"]
[SourceTitle "playchess.com"]
[Source "ChessBase"]
[SourceQuality "1"]
[TimeControl "40/5400+30:1800+30"]

1. e4 g6 2. Nc3 Bg7 3. g3 c5 4. Bg2 Nc6 5. d3 e6 6. Be3 Nd4 7. Nce2 e5 8. c3 Ne6 9. Nh3 Ne7 10. d4 exd4 11. cxd4 d5 12. Nhf4 dxe4 13. dxc5 Qxd1+ 14. Rxd1 f5 15. b3 Nc6 16. O-O Nxf4 17. Nxf4 Bd7 18. f3 exf3 19. Bxf3 O-O-O 20. Nd5 Be6 21. Rfe1 Rd7 22. Bf2 Ne5 23. Bg2 Rhd8 24. Nc3 Rxd1 25. Rxd1 Rxd1+ 26. Nxd1 Nd3 27. c6 b6 28. Be3 Nb4 29. Bf4 Nxa2 30. Bf1 Bd4+ 31. Nf2 Nb4 32. c7 Bxb3 0-1

[Event "23rd Hoogeveen Open 2019"]
[Site "Hoogeveen"]
[Date "2019.10.26"]
[Round "9.1"]
[White "Pruijssers, Roeland"]
[Black "Schoppen, Casper"]
[Result "1/2-1/2"]
[ECO "C47"]
[WhiteElo "2550"]
[BlackElo "2508"]
[Annotator "ChessBase"]
[PlyCount "23"]
[EventDate "2019.10.19"]
[EventType "swiss"]
[EventCountry "NED"]
[SourceTitle "playchess.com"]
[Source "ChessBase"]
[SourceQuality "1"]
[TimeControl "40/5400+30:1800+30"]

1. e4 e5 2. Nf3 Nc6 3. Nc3 Nf6 4. d4 exd4 5. Nxd4 Bb4 6. Nxc6 bxc6 7. Bd3 d5 8. exd5 cxd5 9. O-O O-O 10. Bg5 c6 11. Qf3 Bd6 12. h3 1/2-1/2

[Event "23rd Hoogeveen Open 2019"]
[Site "Hoogeveen"]
[Date "2019.10.26"]
[Round "9.2"]
[White "Beerdsen, Thomas"]
[Black "Moksh Amit Doshi"]
[Result "1/2-1/2"]
[ECO "B90"]
[WhiteElo "2472"]
[BlackElo "2328"]
[Annotator "ChessBase"]
[PlyCount "44"]
[EventDate "2019.10.19"]
[EventType "swiss"]
[EventCountry "NED"]
[SourceTitle "playchess.com"]
[Source "ChessBase"]
[SourceQuality "1"]
[TimeControl "40/5400+30:1800+30"]

1. e4 c5 2. Nf3 d6 3. d4 cxd4 4. Nxd4 Nf6 5. Nc3 a6 6. Bd3 e5 7. Nde2 Be7 8. O-O O-O 9. Ng3 Be6 10. Nd5 Bxd5 11. exd5 g6 12. c4 Nbd7 13. Be3 Ne8 14. f3 f5 15. Bf2 Bh4 16. b4 Nef6 17. Rc1 f4 18. Nh1 Bxf2+ 19. Nxf2 a5 20. a3 axb4 21. axb4 Qb6 22. Qd2 Ra4 1/2-1/2

[Event "23rd Hoogeveen Open 2019"]
[Site "Hoogeveen"]
[Date "2019.10.26"]
[Round "9.3"]
[White "Akash, Ganesan"]
[Black "Harutjunyan, Gevorg"]
[Result "1-0"]
[ECO "B43"]
[WhiteElo "2449"]
[BlackElo "2428"]
[Annotator "NA"]
[PlyCount "47"]
[EventDate "2019.10.19"]
[EventType "swiss"]
[EventCountry "NED"]
[SourceTitle "playchess.com"]
[Source "ChessBase"]
[SourceQuality "1"]
[TimeControl "40/5400+30:1800+30"]

1. e4 c5 2. Nf3 e6 3. d4 cxd4 4. Nxd4 a6 5. Nc3 Qc7 6. Bd3 Nf6 7. Qe2 Bd6 8. Nf3 Nc6 9. O-O b5 10. Re1 Ng4 11. h3 Nge5 12. a4 b4 13. Nd5 $17 (13. Nxe5 $11 {remains equal.} Nxe5 14. Nd1) 13... Nxf3+ 14. Qxf3 exd5 15. exd5+ Ne5 16. Bf4 O-O 17. Rxe5 Bxe5 18. Qe4 Re8 19. Qxh7+ Kf8 20. Re1 Bb7 21. Qh8+ Ke7 22. Qxg7 Kd8 23. Rxe5 Qc5 24. Qf6+ 1-0

[Event "23rd Hoogeveen Open 2019"]
[Site "Hoogeveen"]
[Date "2019.10.26"]
[Round "9.4"]
[White "Seul, Georg"]
[Black "Basso, Pier Luigi"]
[Result "1/2-1/2"]
[ECO "B00"]
[WhiteElo "2411"]
[BlackElo "2575"]
[Annotator "ChessBase"]
[PlyCount "148"]
[EventDate "2019.10.19"]
[EventType "swiss"]
[EventCountry "NED"]
[SourceTitle "playchess.com"]
[Source "ChessBase"]
[SourceQuality "1"]
[TimeControl "40/5400+30:1800+30"]

1. e4 Nc6 2. d4 d5 3. e5 f6 4. f4 Nh6 5. c3 Bf5 6. Nf3 e6 7. Be2 Be7 8. O-O O-O 9. Kh1 Bg4 10. Be3 fxe5 11. fxe5 Bxf3 12. Bxf3 Bg5 13. Bf2 Ne7 14. Na3 Nef5 15. Nc2 b6 16. Be2 Qe7 17. g3 Qd7 18. Bd3 g6 19. Qe2 Rf7 20. Kg2 Raf8 21. Bg1 Qc8 22. Ba6 Qa8 23. Bd3 Be7 24. Qd2 c5 25. Ne1 Qd8 26. Nf3 g5 27. Ne1 g4 28. Nc2 Kh8 29. Rae1 Qe8 30. Qd1 Rg7 31. Ne3 Qh5 32. Nxf5 Nxf5 33. Bxf5 Rxf5 34. Rxf5 Qxf5 35. Qe2 cxd4 36. Bxd4 Rf7 37. Rf1 Qxf1+ 38. Qxf1 Rxf1 39. Kxf1 Kg7 40. Ke2 Bd8 41. Kd3 Kg6 42. b4 a6 43. c4 dxc4+ 44. Kxc4 Kf5 45. b5 a5 46. Kd3 a4 47. Ke3 h6 48. Kd3 h5 49. Ke3 Bc7 50. Kd3 Bxe5 51. Bxb6 Bb8 52. Be3 h4 53. gxh4 Bxh2 54. h5 Bc7 55. h6 Kg6 56. Ke4 g3 57. Kf3 Kh7 58. Bd2 Kg6 59. Be1 Kxh6 60. Bxg3 Ba5 61. Bf2 Kg6 62. Ke4 Kf7 63. b6 Bxb6 64. Bxb6 Ke7 65. Ke5 Kd7 66. Be3 Kc6 67. Kd4 Kb7 68. Kc4 e5 69. Kb4 e4 70. Kxa4 Ka8 71. Kb5 Kb7 72. a4 Ka8 73. a5 Kb7 74. a6+ Ka8 1/2-1/2

[Event "23rd Hoogeveen Open 2019"]
[Site "Hoogeveen"]
[Date "2019.10.26"]
[Round "9.5"]
[White "Jonkman, Harmen"]
[Black "Vrolijk, Liam"]
[Result "1/2-1/2"]
[ECO "C55"]
[WhiteElo "2383"]
[BlackElo "2478"]
[Annotator "ChessBase"]
[PlyCount "36"]
[EventDate "2019.10.19"]
[EventType "swiss"]
[EventCountry "NED"]
[SourceTitle "playchess.com"]
[Source "ChessBase"]
[SourceQuality "1"]
[TimeControl "40/5400+30:1800+30"]

1. e4 e5 2. Nf3 Nc6 3. Bc4 Nf6 4. d3 Be7 5. O-O O-O 6. Re1 d6 7. a3 Kh8 8. h3 Ng8 9. Nc3 f5 10. Nd5 fxe4 11. Rxe4 Nf6 12. Re3 Nxd5 13. Bxd5 Bf6 14. Nh2 Ne7 15. Bf3 Ng6 16. Bg4 Bd7 17. Bxd7 Qxd7 18. Qg4 Qxg4 1/2-1/2

[Event "23rd Hoogeveen Open 2019"]
[Site "Hoogeveen"]
[Date "2019.10.26"]
[Round "9.6"]
[White "Bhambure, Shantanu"]
[Black "Romanishin, Oleg M"]
[Result "1/2-1/2"]
[ECO "E14"]
[WhiteElo "2291"]
[BlackElo "2441"]
[Annotator "NA"]
[PlyCount "66"]
[EventDate "2019.10.19"]
[EventType "swiss"]
[EventCountry "NED"]
[SourceTitle "playchess.com"]
[Source "ChessBase"]
[SourceQuality "1"]
[TimeControl "40/5400+30:1800+30"]

1. d4 Nf6 2. c4 e6 3. Nf3 Bb4+ 4. Nbd2 b6 5. a3 Bxd2+ 6. Qxd2 Bb7 7. e3 a5 8. b3 d6 9. Be2 Nbd7 10. O-O O-O 11. Bb2 Qe7 12. Qc2 c5 13. Rfd1 Rac8 14. dxc5 $11 Nxc5 15. Nd4 Rfd8 16. f3 d5 17. Rac1 Ncd7 18. Nb5 Ba6 19. a4 Bxb5 20. axb5 dxc4 21. Bxc4 Nc5 22. Qc3 Ne8 23. e4 a4 24. Rxd8 Qxd8 25. Qe3 Nxb3 26. Bxb3 Rxc1+ 27. Bxc1 axb3 28. Qxb3 Qd7 29. Be3 Nc7 30. Bxb6 Nxb5 31. Be3 h6 32. h3 Qc6 33. Qd3 Nd6 1/2-1/2

[Event "23rd Hoogeveen Open 2019"]
[Site "Hoogeveen"]
[Date "2019.10.26"]
[Round "9.7"]
[White "Zwirs, Nico"]
[Black "Kaasen, Tor Fredrik"]
[Result "1-0"]
[ECO "B90"]
[WhiteElo "2421"]
[BlackElo "2415"]
[Annotator "NA"]
[PlyCount "78"]
[EventDate "2019.10.19"]
[EventType "swiss"]
[EventCountry "NED"]
[SourceTitle "playchess.com"]
[Source "ChessBase"]
[SourceQuality "1"]
[TimeControl "40/5400+30:1800+30"]

1. e4 c5 2. Nf3 d6 3. d4 cxd4 4. Nxd4 Nf6 5. Nc3 a6 6. Be3 e5 7. Nb3 Be6 8. Qd2 Be7 9. f3 O-O 10. O-O-O Nbd7 11. g4 b5 12. g5 Nh5 13. Nd5 Bxd5 14. exd5 f6 15. h4 Ng3 16. Rg1 Nxf1 17. Rdxf1 a5 18. g6 h6 19. Bxh6 f5 (19... a4 $11 {keeps the balance.} 20. Na1 a3) 20. Be3 (20. h5 $16 Bf6 21. Bxg7 Bxg7 22. h6) 20... a4 ({Avoid the trap} 20... Bxh4 $2 21. Qh2 $18) 21. Na1 f4 ({But not} 21... Bxh4 $2 22. Qh2 $18) 22. Bf2 Nf6 $14 ({Avoid the trap} 22... Bxh4 $2 23. Bxh4 Qxh4 24. Rh1 $18) ({Better is} 22... a3 $15 23. b3 Rc8) 23. h5 Qa5 24. Qd3 a3 25. b3 Rac8 26. Rd1 Qc3 27. Qxc3 Rxc3 28. Rd3 Rxd3 29. cxd3 Nxd5 30. Nc2 b4 31. Be1 Rb8 32. Bd2 Bd8 33. Re1 Rb5 34. Re4 Ba5 35. Rc4 Rc5 36. Nxa3 Kf8 37. Nc2 Nb6 38. Bxb4 Rd5 39. Rc6 Nd7 1-0

[Event "23rd Hoogeveen Open 2019"]
[Site "Hoogeveen"]
[Date "2019.10.26"]
[Round "9.8"]
[White "Morozov, Nichita"]
[Black "Okkes, Menno"]
[Result "1/2-1/2"]
[ECO "D92"]
[WhiteElo "2394"]
[BlackElo "2326"]
[Annotator "NA"]
[PlyCount "108"]
[EventDate "2019.10.19"]
[EventType "swiss"]
[EventCountry "NED"]
[SourceTitle "playchess.com"]
[Source "ChessBase"]
[SourceQuality "1"]
[TimeControl "40/5400+30:1800+30"]

1. d4 Nf6 2. c4 g6 3. Nc3 d5 4. Bf4 Bg7 5. e3 O-O 6. Rc1 Be6 7. Nf3 dxc4 8. Ng5 Bd5 9. e4 h6 10. exd5 hxg5 11. Bxg5 Nxd5 12. Bxc4 Nb6 13. Bb3 Nc6 14. d5 Nd4 15. O-O Qd7 16. Re1 Rfe8 17. h4 Rad8 18. h5 gxh5 19. Qxh5 Qf5 $11 20. Qh4 Nxb3 21. axb3 Nxd5 22. Nxd5 Rxd5 23. Bxe7 Rd4 24. Qg3 c6 25. Bd6 Rxe1+ 26. Rxe1 Re4 27. Rd1 Rg4 28. Qh3 Rg5 29. Qxf5 Rxf5 30. Ba3 Rd5 31. Rxd5 cxd5 32. b4 a6 33. Kf1 f5 34. Ke2 Bd4 35. b3 Kf7 36. Bc1 Ke6 37. Be3 Bc3 38. Bd2 Bd4 39. f3 Bf6 40. Kd3 Bg7 41. g4 fxg4 42. fxg4 b5 43. Be3 Kf7 44. Bd4 Bf8 45. Bc3 Kg6 46. Bd2 Bg7 47. Bf4 Bf8 48. Kd4 Bxb4 49. Kxd5 a5 50. Kc6 a4 51. bxa4 bxa4 52. Kb5 Bd6 53. Bxd6 Kg5 54. Kxa4 Kxg4 1/2-1/2

[Event "23rd Hoogeveen Open 2019"]
[Site "Hoogeveen"]
[Date "2019.10.26"]
[Round "9.9"]
[White "Vestby-Ellingsen, Mads"]
[Black "Grooten, Herman"]
[Result "1/2-1/2"]
[ECO "E15"]
[WhiteElo "2363"]
[BlackElo "2274"]
[Annotator "NA"]
[PlyCount "138"]
[EventDate "2019.10.19"]
[EventType "swiss"]
[EventCountry "NED"]
[SourceTitle "playchess.com"]
[Source "ChessBase"]
[SourceQuality "1"]
[TimeControl "40/5400+30:1800+30"]

1. d4 Nf6 2. c4 e6 3. Nf3 b6 4. g3 Ba6 5. Qc2 Bb7 6. Bg2 Nc6 7. O-O Nb4 8. Qd1 d5 9. a3 Na6 10. cxd5 exd5 11. Nc3 Be7 12. Bg5 O-O 13. Rc1 c6 $14 14. e3 Nc7 15. Ne5 Ne6 16. Bxf6 Bxf6 17. Nd3 Qe7 18. Qd2 Rfd8 19. Rfd1 h5 20. h4 g6 21. Ne2 Ng7 22. Rc2 Nf5 23. Rdc1 a5 24. Nef4 Nd6 25. Rxc6 Bxc6 26. Rxc6 Ne4 27. Qc2 Rd6 28. Rxb6 Rxb6 29. Nxd5 Qe6 30. Nxb6 Rb8 31. Bxe4 Qxb6 32. Bd5 Qd6 33. Nf4 Kf8 34. Qc4 Qd7 35. b3 Rc8 36. Qa6 Rc1+ 37. Kh2 Bd8 38. Qb7 Qxb7 39. Bxb7 Be7 40. a4 Bb4 41. Bd5 Rc2 42. Kg2 Kg7 43. Bc4 f6 44. Nd3 Bd6 45. e4 Bc7 46. d5 Bb8 47. Kf1 Ra2 48. f4 Rd2 49. e5 fxe5 50. fxe5 Rxd3 51. Bxd3 Bxe5 52. Kf2 Bd6 53. Kf3 Kf6 54. Bb5 Kf7 55. g4 hxg4+ 56. Kxg4 Be7 57. Kf4 Bxh4 58. Ke5 Bg3+ 59. Kd4 Bd6 60. Be2 Ke7 61. Bg4 Bb4 62. Kc4 Kd6 63. Be6 g5 64. Kd4 Bc5+ 65. Ke4 Bb4 66. Kf5 Bd2 67. Kg4 Ke5 68. Bf7 Kf6 69. Bg8 Bb4 1/2-1/2

[Event "23rd Hoogeveen Open 2019"]
[Site "Hoogeveen"]
[Date "2019.10.26"]
[Round "9.10"]
[White "Dixit, Nikhil"]
[Black "Hilwerda, Jonas"]
[Result "1/2-1/2"]
[ECO "C47"]
[WhiteElo "2358"]
[BlackElo "2229"]
[Annotator "NA"]
[PlyCount "56"]
[EventDate "2019.10.19"]
[EventType "swiss"]
[EventCountry "NED"]
[SourceTitle "playchess.com"]
[Source "ChessBase"]
[SourceQuality "1"]
[TimeControl "40/5400+30:1800+30"]

1. e4 e5 2. Nf3 Nc6 3. Nc3 Nf6 4. d4 exd4 5. Nxd4 Bb4 6. Nxc6 bxc6 7. Bd3 O-O 8. O-O d5 9. exd5 {[%emt 0:00:05] C47: Scotch Four Knights and Four Knights with 4 g3} Bg4 (9... cxd5 10. Bg5 c6 11. Qf3 Bd6 12. Rae1 Rb8 13. Nd1 h6 14. Bxf6 Qxf6 15. Qxf6 gxf6 16. b3 f5 17. Ne3 f4 18. Nf5 Bxf5 19. Bxf5 Kg7 20. g3 Kf6 21. Bd3 {½-½ (30) Movsesian,S (2654)-Ding,L (2811) Khanty-Mansiysk 2019}) 10. f3 Bh5 11. Bg5 cxd5 12. Bxf6 Qxf6 13. Nxd5 Qxb2 {[%emt 0:00:02] [#]} 14. Nxb4 $146 ({Predecessor:} 14. Rb1 Bc5+ 15. Kh1 Qe5 16. f4 Bxd1 17. fxe5 Bg4 18. h3 Bd7 19. Nxc7 Rac8 20. Nd5 Rfe8 21. Rfe1 {½-½ (21) Bruzon Batista,L (2643)-Nyzhnyk,I (2666) Orlando 2019}) 14... Qxb4 15. Qe1 Qb6+ 16. Qf2 Rab8 17. f4 f6 18. a4 Qxf2+ 19. Kxf2 Rfe8 20. Rfb1 $11 Bf7 21. Rb5 c6 22. Rxb8 Rxb8 23. Be4 Bd5 24. Bxd5+ cxd5 25. Rd1 Rb4 26. Ke3 Re4+ 27. Kf3 Rxa4 28. Rxd5 Rc4 {[%emt 0:13:27] Ke4} 1/2-1/2

[Event "23rd Hoogeveen Open 2019"]
[Site "Hoogeveen"]
[Date "2019.10.26"]
[Round "9.11"]
[White "Manush Shah"]
[Black "Gomes, Mary Ann"]
[Result "1/2-1/2"]
[ECO "E43"]
[WhiteElo "2352"]
[BlackElo "2268"]
[Annotator "NA"]
[PlyCount "85"]
[EventDate "2019.10.19"]
[EventType "swiss"]
[EventCountry "NED"]
[SourceTitle "playchess.com"]
[Source "ChessBase"]
[SourceQuality "1"]
[TimeControl "40/5400+30:1800+30"]

1. d4 Nf6 2. Nf3 b6 3. e3 Bb7 4. c4 e6 5. Nc3 Bb4 6. Bd3 Ne4 7. Qc2 f5 8. O-O Bxc3 9. bxc3 O-O 10. Ne1 d6 11. f3 Ng5 12. Ba3 c5 13. Rd1 Qe7 14. Rd2 Nd7 $11 15. Re2 g6 16. f4 Ne4 17. Nf3 Ndf6 18. Bc1 Rac8 19. Bd2 b5 20. Qb3 bxc4 21. Bxc4 d5 22. Bb5 Nd6 23. Rb1 Nfe4 24. Be1 Rb8 25. dxc5 Nxc5 26. Qa3 Qc7 27. Reb2 Ba8 28. Nd4 Rb6 29. Be2 Rfb8 30. Rxb6 Rxb6 31. Rxb6 Qxb6 32. Qb4 Kf7 33. Nf3 Nce4 34. Ne5+ Kg7 35. Qd4 Qxd4 36. cxd4 Nf7 37. Bb5 Bb7 38. Bd7 Nxe5 39. fxe5 Kf7 40. Bb4 Ba6 41. a4 Bc4 42. g3 g5 43. Kg2 1/2-1/2

[Event "23rd Hoogeveen Open 2019"]
[Site "Hoogeveen"]
[Date "2019.10.26"]
[Round "9.12"]
[White "De Jong, Migchiel"]
[Black "Mueer, Sebastian"]
[Result "1-0"]
[ECO "B51"]
[WhiteElo "2330"]
[BlackElo "2194"]
[Annotator "NA"]
[PlyCount "95"]
[EventDate "2019.10.19"]
[EventType "swiss"]
[EventCountry "NED"]
[SourceTitle "playchess.com"]
[Source "ChessBase"]
[SourceQuality "1"]
[TimeControl "40/5400+30:1800+30"]

1. e4 c5 2. Nf3 d6 3. Bb5+ Nd7 4. d4 cxd4 5. Qxd4 a6 6. Bxd7+ Bxd7 7. Nc3 e5 8. Qd3 h6 9. O-O Nf6 10. a4 Rc8 {[%emt 0:01:51] B51: Sicilian: Moscow Variation (3 Bb5+) without 3...Bd7} 11. Rd1 Qc7 12. Nd2 Be7 13. Nf1 O-O 14. Ne3 Be6 15. Bd2 Qc5 16. Be1 {[%emt 0:01:02] [#]} g6 $146 ({Predecessor:} 16... Rfd8 17. a5 Rc7 18. b3 {½-½ (37) Chandra,A (2492)-Indjic,A (2630) Caleta 2019}) 17. b4 Qc7 18. Ncd5 ({White should play} 18. f3 $14) 18... Nxd5 (18... Bxd5 $5 19. exd5 Nh5 $11) 19. Nxd5 Bxd5 20. Qxd5 Qc6 $11 21. c3 Qxd5 22. Rxd5 Rc4 23. f3 f5 24. exf5 gxf5 25. Bd2 h5 26. f4 Rd8 27. Rf1 Kf7 28. fxe5 Ke6 29. exd6 Kxd5 30. dxe7 Re8 31. Rxf5+ Ke6 32. Rxh5 Rxe7 33. Kf2 Re4 34. Be3 Kd7 35. Rd5+ Kc6 36. Rc5+ Kd6 37. Bd4 Re2+ 38. Kf3 Ra2 39. a5 Rf7+ 40. Kg3 Rd2 41. h4 Rf8 42. Rg5 Ke6 43. h5 Rf5 44. Rg6+ Kf7 45. Kg4 Rd5 46. Kh4 Rd1 47. g4 Rd3 48. Rg7+ 1-0

[Event "23rd Hoogeveen Open 2019"]
[Site "Hoogeveen"]
[Date "2019.10.26"]
[Round "9.13"]
[White "Blagojevic, Tijana"]
[Black "De Boer, Eelke"]
[Result "0-1"]
[ECO "B51"]
[WhiteElo "2151"]
[BlackElo "2323"]
[Annotator "NA"]
[PlyCount "86"]
[EventDate "2019.10.19"]
[EventType "swiss"]
[EventCountry "NED"]
[SourceTitle "playchess.com"]
[Source "ChessBase"]
[SourceQuality "1"]
[TimeControl "40/5400+30:1800+30"]

1. e4 c5 2. Nf3 d6 3. Bb5+ Nd7 4. O-O a6 5. Bd3 Ngf6 6. c3 {[%emt 0:00:02] B51: Sicilian: Moscow Variation (3 Bb5+) without 3...Bd7} (6. Re1 g6 7. c3 Bg7 8. Bc2 O-O 9. d4 e5 10. a4 Rb8 11. dxe5 Nxe5 12. Nxe5 dxe5 13. Qxd8 Rxd8 {½-½ (65) Amin,B (2707)-Artemiev,V (2761) Danzhou 2019}) 6... b5 7. Bc2 e5 8. d4 Be7 9. Re1 O-O 10. h3 Qc7 11. a4 $146 ({Predecessor:} 11. Nbd2 Re8 12. Nf1 Bf8 {½-½ (39) Loiacono,A (2182)-Movileanu,D (2199) Chianciano Terme 2018}) 11... Bb7 12. d5 c4 13. Na3 Qb6 14. Be3 Nc5 15. Nh4 (15. Nd2 $16) 15... Rfc8 16. Nf5 Bf8 17. Qf3 Ne8 18. Kh2 Rc7 19. g4 Rb8 20. Rg1 Bc8 $14 21. Ng3 Qb7 22. axb5 axb5 23. Rg2 Na6 24. Rag1 b4 25. Nb1 Nc5 26. Nh5 b3 27. Bd1 Nd3 28. Qe2 Ra8 29. Na3 Qa6 30. g5 Nxb2 31. Nf6+ Nxf6 32. gxf6 g6 33. Qh5 Nxd1 34. Bh6 Bg4 35. Rxg4 Nxf2 36. R4g2 Nxe4 37. Rxg6+ fxg6 38. Rxg6+ hxg6 39. Qxg6+ Kh8 40. Bxf8 Qa7 41. Bg7+ Rxg7 42. fxg7+ Qxg7 43. Qxe4 Qg5 0-1

[Event "23rd Hoogeveen Open 2019"]
[Site "Hoogeveen"]
[Date "2019.10.26"]
[Round "9.14"]
[White "Dev, Shah"]
[Black "Wiersma, Eelke"]
[Result "1/2-1/2"]
[ECO "E42"]
[WhiteElo "2025"]
[BlackElo "2321"]
[Annotator "NA"]
[PlyCount "33"]
[EventDate "2019.10.19"]
[EventType "swiss"]
[EventCountry "NED"]
[SourceTitle "playchess.com"]
[Source "ChessBase"]
[SourceQuality "1"]
[TimeControl "40/5400+30:1800+30"]

1. d4 Nf6 2. c4 e6 3. Nc3 Bb4 4. e3 c5 5. Nge2 b6 6. a3 Ba5 7. Bd2 O-O 8. Ng3 Bb7 9. Rb1 Bxc3 10. Bxc3 d5 11. cxd5 (11. dxc5 $11 bxc5 12. Be2) 11... Nxd5 12. Bd3 Nc6 ({Black should try} 12... Nxc3 $17 13. bxc3 Qe7) 13. dxc5 bxc5 $14 14. O-O Nxc3 15. bxc3 Rb8 16. Ne4 Qe7 17. Nd6 1/2-1/2